 Dungeon Crawl Stone Soup version 0.22.1-1-ga44c0e5 (webtiles) character file.

1708 Doni34 the Basher (level 8, -5/106 HPs)
             Began as a Minotaur Berserker on Nov 2, 2018.
             Was an Elder of Trog.
             Slain by a spiny frog (13 damage)
             ... on level 1 of the Lair of Beasts on Nov 3, 2018.
             The game lasted 00:20:07 (6286 turns).

Doni34 the Basher (Minotaur Berserker)              Turns: 6286, Time: 00:20:08

Health: -5/106     AC: 10    Str: 29    XL:     8   Next: 73%
Magic:  7/7        EV: 10    Int:  4    God:    Trog [****..]
Gold:   603        SH:  4    Dex: 10    Spells: 7/7 levels left

rFire    . . .     SeeInvis .   n - +2 morningstar
rCold    . . .     Gourm    .   f - +0 buckler
rNeg     . . .     Faith    .   k - +0 chain mail
rPois    .         Spirit   .   (helmet restricted)
rElec    .         Reflect  .   (no cloak)
rCorr    .         Harm     .   (no gloves)
MR       ++...                  (no boots)
Stlth    ..........             (no amulet)
HPRegen  1.27/turn              (no ring)
MPRegen  0.10/turn              (no ring)

@: berserking, lethally poisoned (-5 -> -23), regenerating, very quick
A: retaliatory headbutt, horns 2
a: Berserk, Trog's Hand, Brothers in Arms, Renounce Religion


You were on level 1 of the Lair of Beasts.
You worshipped Trog.
Trog was greatly pleased with you.
You were not hungry.

You visited 3 branches of the dungeon, and saw 9 of its levels.
You also visited: Ossuary.

You collected 603 gold pieces.

Inventory:

Hand Weapons
 a - a +0 falchion
 n - a +2 morningstar (weapon)
 q - the +4 mace "Xyzy" {freeze, rElec rC+ MR-}
   (You found it on level 7 of the Dungeon)

   It has been specially enchanted to freeze those struck by it, causing extra
   injury to most foes and up to half again as much damage against particularly
   susceptible opponents.
   It can also slow down cold-blooded creatures.
   It protects you from cold.
   It insulates you from electricity.
   It affects your resistance to hostile enchantments.
 t - a +1 vampiric dagger
Missiles
 p - 62 arrows
 r - 5 steel javelins (quivered)
Armour
 b - a +0 animal skin
 d - a +0 ring mail
 f - a +0 buckler (worn)
 k - a +0 chain mail (worn)
Jewellery
 g - a cursed ring of attention
Wands
 l - a wand of random effects (21)
 u - a wand of disintegration (11)
Scrolls
 e - 10 scrolls of identify
 i - 4 scrolls of teleportation
 o - 4 scrolls of remove curse
Potions
 h - a potion of heal wounds {unknown}
 j - a potion of resistance {unknown}
 m - 2 potions of haste {unknown}
 s - a potion of might {unknown}
 v - a potion of degeneration {unknown}
 w - 2 potions of flight {unknown}
 z - a potion of ambrosia {unknown}
 A - a potion of berserk rage {unknown}
 B - 2 potions of mutation {unknown}
Comestibles
 c - 9 rations


   Skills:
 + Level 6.5 Fighting
 + Level 4.4 Long Blades
 + Level 8.1 Maces & Flails
 + Level 6.8 Armour
 + Level 4.4 Dodging
 + Level 1.1 Stealth
 + Level 3.2 Shields


You had 7 spell levels left.
You didn't know any spells.
Your spell library was empty.

Dungeon Overview and Level Annotations

Branches:
Dungeon (8/15)             Temple (1/1) D:7            Lair (1/6) D:8

Altars:
Ashenzari
Cheibriados
Dithmenos
Elyvilon
Fedhas
Gozag
Hepliaklqana
Kikubaaqudgha
Nemelex Xobeh
Okawaru
Qazlal
Ru
Sif Muna
Uskayaw
Vehumet
Wu Jian
Xom
Zin
The Shining One

Annotations:
D:7 3 runed doors, antares's ghost, novice DEFE


Innate Abilities, Weirdness & Mutations

You reflexively headbutt those who attack you in melee.
You have a pair of horns on your head.


Message History

You are lethally poisoned!
The spiny frog poisons you!
A red film seems to cover your vision as you go berserk!
You feel yourself moving faster!
You feel mighty!
You feel a lot more hungry.
You feel very sick. You block the spiny frog's attack.
The spiny frog stings you.
* * * LOW HITPOINT WARNING * * *
You are lethally poisoned!
The spiny frog poisons you!
You are too berserk!
You barely miss the spiny frog. You headbutt the spiny frog!
The spiny frog is heavily wounded.
* * * LOW HITPOINT WARNING * * *
You feel very sick.
You hit the spiny frog.
The spiny frog is heavily wounded.
* * * LOW HITPOINT WARNING * * *
You feel very sick. The spiny frog stings you!
You die...

................... ..
..............#######..
..............#....... >
##########....#.....# ..
.#########....#.....#...
#.......##..............
P.......#.....#.....#...
#.......##....#.........
##.+##.###....#.@...#...
##..P..###.....##F###
............... ...
..†............. .....
................ .......
............... .......
............. .......
###..P)##. .###... ..
.....#


You could see a spiny frog.

Vanquished Creatures
  A hippogriff (D:8)
  2 water moccasins (Lair:1)
  A porcupine (Lair:1)
  A wolf (D:8)
  A phantom (D:7)
  3 ogres
  A bullfrog (Lair:1)
  A centaur zombie (D:7)
  3 crimson imps
  2 hounds (D:4)
  A bullfrog skeleton (D:8)
  Jessica (D:2)
  Terence (D:2)
  An iguana (D:3)
  6 worker ants
  A killer bee zombie (D:7)
  A hound zombie (D:7)
  2 hound skeletons
  9 mummies
  4 adders
  An adder zombie (D:8)
  An adder skeleton (D:4)
  A worm (D:2)
  A dart slug (D:2)
  4 leopard geckos
  8 orcs
  3 giant cockroaches
  7 goblins
  7 jackals (D:2)
  6 kobolds
  4 quokkas
  12 bats
  A frilled lizard (D:4)
  A gnoll zombie (Ossuary)
  4 hobgoblin zombies (Ossuary)
  A jackal zombie (D:8)
  5 orc zombies
  A quokka skeleton (D:7)
  8 rats
119 creatures vanquished.

Notes
Turn   | Place    | Note
-------+----------+-------------------------------------------
     0 | D:1      | Doni34 the Minotaur Berserker began the quest for the Orb.
     0 | D:1      | Reached XP level 1. HP: 19/19 MP: 0/0
   351 | D:1      | Reached XP level 2. HP: 27/27 MP: 1/1
   635 | D:2      | Reached XP level 3. HP: 21/34 MP: 2/2
   912 | D:2      | Found a shimmering altar of Xom.
   937 | D:2      | Reached ** piety under Trog
  1024 | D:2      | Noticed Terence
  1034 | D:2      | Killed Terence
  1034 | D:2      | Reached XP level 4. HP: 40/41 MP: 3/3
  1133 | D:2      | Noticed Jessica
  1137 | D:2      | Killed Jessica
  1743 | D:3      | Reached XP level 5. HP: 47/47 MP: 4/4
  1814 | D:3      | Reached skill level 1 in Maces & Flails
  2295 | D:4      | Noticed an ogre
  2300 | D:4      | Killed an ogre
  2300 | D:4      | Reached *** piety under Trog
  2300 | D:4      | Reached skill level 2 in Maces & Flails
  2300 | D:4      | Reached skill level 1 in Shields
  2302 | D:4      | Reached XP level 6. HP: 53/55 MP: 5/5
  2413 | D:4      | Reached skill level 5 in Fighting
  2413 | D:4      | Reached skill level 3 in Maces & Flails
  2422 | D:4      | Found a blossoming altar of Fedhas.
  2747 | D:5      | Entered Level 5 of the Dungeon
  2770 | D:5      | Reached skill level 4 in Maces & Flails
  2770 | D:5      | Reached XP level 7. HP: 61/61 MP: 6/6
  2831 | D:5      | You fall through a shaft for 3 floors!
  2903 | D:7      | Found a staircase to the Ecumenical Temple.
  2941 | D:7      | Found a sand-covered staircase.
  2949 | Ossuary  | Entered an ossuary
  2992 | Ossuary  | Reached skill level 5 in Maces & Flails
  3381 | D:7      | Found a runed gate.
  3416 | D:7      | Found a runed gate.
  3417 | D:7      | Found a runed gate.
  3457 | D:7      | Noticed antares's ghost (novice DEFE)
  3808 | D:7      | Got an ancient mace
  3809 | D:7      | Identified the +4 mace "Xyzy" {freeze, rElec rC+ MR-} (You
                  | found it on level 7 of the Dungeon)
  4083 | D:7      | Found a hide-covered altar of Uskayaw.
  4086 | D:7      | Noticed a hand axe
  4086 | D:7      | Noticed a dagger
  4128 | D:7      | Reached skill level 6 in Maces & Flails
  4128 | D:7      | Reached skill level 5 in Armour
  4367 | Temple   | Entered the Ecumenical Temple
  4704 | D:8      | Noticed a hippogriff
  4712 | D:8      | Killed a hippogriff
  4712 | D:8      | Reached XP level 8. HP: 37/70 MP: 7/7
  4762 | D:8      | Found a staircase to the Lair.
  5040 | D:8      | Reached **** piety under Trog
  5092 | D:8      | Reached skill level 7 in Maces & Flails
  5593 | Lair:1   | Entered Level 1 of the Lair of Beasts
  6060 | Lair:1   | Reached skill level 1 in Stealth
  6273 | Lair:1   | Reached skill level 8 in Maces & Flails
  6275 | Lair:1   | Noticed a spiny frog
  6286 | Lair:1   | Slain by a spiny frog

Skill      XL: |  1  2  3  4  5  6  7  8 |
---------------+-------------------------+-----
Fighting       | 4 5 6 |  6.5
Long Blades    | 4 |  4.4
Armour         | 3 4 5 6 |  6.8
Dodging        | 3 4 |  4.4
Maces & Flails | 2 4 6 8 |  8.1
Shields        | 1 2 3 |  3.2
Stealth        | 1 |  1.1

Action                   |  1- 3 |  4- 6 |  7- 9 || total
-------------------------+-------+-------+-------++-------
Melee: Falchion          |    63 |       |       ||    63
       Headbutt          |    11 |    15 |    35 ||    61
       Morningstar       |       |   117 |   167 ||   284
Invok: Berserk           |     1 |     2 |     3 ||     6
       Trog's Hand       |       |       |     1 ||     1
  Use: Scroll            |       |       |    12 ||    12
  Eat: Chunk             |       |     6 |       ||     6
       Ration            |       |     1 |     4 ||     5
Armor: Ring mail         |     9 |       |       ||     9
       Chain mail        |    30 |    88 |    87 ||   205
Dodge: Dodged            |    25 |    62 |    84 ||   171
Block: Buckler           |     3 |    32 |    35 ||    70
       Rpst.: Falchion   |     8 |       |       ||     8
